 Dungeon Crawl Stone Soup version 0.18-a0-1390-gc02854d (webtiles) character file.

1395 Duffy the Cleaver (level 8, 0/67 HPs)
             Began as a Naga Gladiator on Feb 22, 2016.
             Slain by an orc priest
             ... wielding a +0 trident
              (2 damage)
             ... on level 6 of the Dungeon.
             The game lasted 00:07:22 (7098 turns).

Duffy the Cleaver (Naga Gladiator)                  Turns: 7098, Time: 00:07:22

Health: 0/67       AC:  7    Str: 17    XL:     8   Next: 68%
Magic:  17/17      EV:  9    Int:  9    God:
Gold:   280        SH:  0    Dex: 14    Spells: 0 memorised, 7 levels left

rFire  . . .     SeeInvis +     a - +0 war axe
rCold  . . .     Gourm    .     r - +0 scale mail
rNeg   . . .     Faith    .     (no shield)
rPois  +         Spirit   .     c - +0 helmet
rElec  .         Dismiss  .     l - +0 cloak
rCorr  .         Reflect  .     (no gloves)
SustAt .         Harm     .     (no barding)
MR     +....                    (no amulet)
Stlth  ..........               L - ring of magical power
                                i - +1 ring of evasion

@: drained, very slow, somewhat resistant to hostile enchantments, extremely
unstealthy
A: see invisible, deformed body, poison resistance, slowness 2, slow metabolism
1, spit poison 2, AC +2
a: Spit Poison


You were on level 6 of the Dungeon.
You were not hungry.

You visited 1 branch of the dungeon, and saw 6 of its levels.

You collected 280 gold pieces.


Innate Abilities, Weirdness & Mutations

You cannot wear boots.
Your serpentine skin is tough (AC +2).
You have supernaturally acute eyesight.
Armour fits poorly on your strangely shaped body.
Your system is resistant to poisons.
You cover ground very slowly.
You have a slow metabolism.
You can spit poison.


   Skills:
 - Level 2.0(1.6) Fighting
 + Level 10.7(10.3) Axes
 - Level 1.7(1.4) Throwing
 - Level 2.4(2.1) Dodging


You had 7 spell levels left.
You didn't know any spells.

Inventory:

Hand Weapons
 a - a +0 war axe (weapon)
 D - a +2 quarterstaff of chaos
Missiles
 d - 3 throwing nets (quivered)
 w - 14 tomahawks
Armour
 b - a +0 leather armour
 c - a +0 helmet (worn)
 l - a +0 cloak (worn)
 r - a +0 scale mail (worn)
Jewellery
 i - a +1 ring of evasion (left hand)
 y - an uncursed ring of ice
 H - an uncursed ring of sustain attributes
 K - a +2 ring of intelligence
 L - a ring of magical power (right hand)
Wands
 C - a wand of digging (14/24)
 E - a wand of random effects (32/48)
 M - a wand of digging (12/24)
Scrolls
 n - 3 scrolls of enchant armour {unknown}
 o - a scroll of remove curse {unknown}
 p - 5 scrolls of teleportation {unknown}
 x - 2 scrolls of immolation {unknown}
 A - a scroll of fear {unknown}
 F - 2 scrolls of enchant weapon {unknown}
 J - a scroll of identify
Potions
 e - a potion of resistance {unknown}
 k - a potion of flight
 m - a potion of curing {unknown}
 q - a potion of haste {unknown}
 s - a potion of might {unknown}
 u - 2 potions of agility
 B - a potion of cure mutation {unknown}
 G - a potion of cancellation {unknown}
Books
 j - a Grand Grimoire
 t - a book of Party Tricks
Comestibles
 f - 4 bread rations
 g - a royal jelly
 v - 3 meat rations
 z - 9 fruits
 I - 3 chunks of flesh

Dungeon Overview and Level Annotations

Branches:
Dungeon (6/15)
 Temple: D:4-7

Altars:
Dithmenos
Fedhas
Gozag
Makhleb
Nemelex Xobeh
Okawaru
Pakellas

Shops:
D:6 %


Message History

The orc priest barely misses you.
You barely miss the orc priest.
The orc priest is moderately wounded.
The orc priest closely misses you. The orc priest barely misses you.
You hit the orc priest.
The orc priest is heavily wounded.
The orc priest casts a cantrip, but nothing happens.
The orc priest barely misses you.
You hit the orc priest.
The orc priest is almost dead.
The orc priest hits you with a dagger.
The orc priest hits you from afar with a trident.
You slash the orc priest!
You kill the orc priest!
The orc priest hits you from afar with a trident.
You hit the orc wizard but do no damage.
The orc wizard hits you with a dagger.
The orc priest invokes the aid of Beogh against you.
Beogh smites you!
You slash the orc wizard!
The orc wizard is almost dead.
The orc wizard closely misses you.
The orc priest calls down the wrath of Beogh upon you.
Beogh smites you!
You barely miss the orc wizard.
The orc wizard is almost dead.
The orc wizard hits you but does no damage.
The orc priest hits you from afar with a trident.
You hit the orc wizard but do no damage.
The orc wizard is almost dead.
The orc wizard hits you but does no damage.
You hit the orc wizard but do no damage.
The orc wizard is almost dead.
The orc priest hits you from afar with a trident.
You die...

#.#
#.#
#.#
#.##
#..#
##.#
#.#
#.#
#@#
#o#


oo. .a#.. ##% #.# .. .# #. ## ## You could see a worker ant, an orc priest, an
orc wizard (invisible) and an orc.

Action                   |  1- 3 |  4- 6 |  7- 9 || total
-------------------------+-------+-------+-------++-------
Melee: War axe           |   107 |   218 |   202 ||   527
Throw: Throwing net      |       |       |     2 ||     2
 Abil: Spit Poison       |     1 |    12 |     8 ||    21
  Use: Scroll            |       |     3 |     3 ||     6
       Potion            |       |       |     4 ||     4
  Eat: Chunk             |     2 |     8 |     7 ||    17

Notes
Turn   | Place    | Note
--------------------------------------------------------------
     0 | D:1      | Duffy the Naga Gladiator began the quest for the Orb.
     0 | D:1      | Reached XP level 1. HP: 19/19 MP: 1/1
   373 | D:1      | Reached XP level 2. HP: 19/26 MP: 2/2
   806 | D:1      | Reached skill level 4 in Axes
   879 | D:1      | Reached XP level 3. HP: 27/32 MP: 3/3
  1559 | D:2      | Found a sparkling altar of Nemelex Xobeh.
  1758 | D:2      | Reached XP level 4. HP: 18/39 MP: 4/4
  1993 | D:2      | Found a burning altar of Makhleb.
  2000 | D:2      | Reached skill level 5 in Axes
  2155 | D:2      | Found an iron altar of Okawaru.
  2460 | D:3      | Found an opulent altar of Gozag.
  2507 | D:3      | Found a sparkling altar of Nemelex Xobeh.
  2560 | D:3      | Reached XP level 5. HP: 38/45 MP: 5/5
  2688 | D:3      | Noticed Robin
  2698 | D:3      | Killed Robin
  2786 | D:3      | Found a blossoming altar of Fedhas.
  2892 | D:3      | Reached skill level 6 in Axes
  3083 | D:3      | Noticed Ijyb
  3098 | D:3      | Killed Ijyb
  3125 | D:3      | Noticed Crazy Yiuf
  3132 | D:3      | Killed Crazy Yiuf
  3132 | D:3      | Reached XP level 6. HP: 52/52 MP: 6/6
  4199 | D:4      | Reached skill level 7 in Axes
  4269 | D:4      | Found an oddly glowing altar of Pakellas.
  4493 | D:4      | Reached XP level 7. HP: 26/60 MP: 7/7
  4511 | D:4      | Reached skill level 8 in Axes
  4907 | D:4      | Noticed Natasha
  4915 | D:4      | Killed Natasha
  5100 | D:5      | Entered Level 5 of the Dungeon
  5533 | D:5      | Reached skill level 9 in Axes
  5566 | D:5      | Found a shadowy altar of Dithmenos.
  5702 | D:5      | Reached XP level 8. HP: 52/67 MP: 8/8
  6351 | D:6      | Found Sommyov's Food Shop.
  6523 | D:6      | Reached skill level 10 in Axes
  7098 | D:6      | Slain by an orc priest

Vault maps used:
D:1:      saegor_arrival_simple_b, grunt_decor_arrowhead
D:2:      lemuel_crystal_altar, bloody_makhleb, okawaru_trees_1
D:3:      fedhas_altar_fruit_tree, lemuel_crystal_altar,
          nemelex_dance_club_becter, uniq_robin, uniq_crazy_yiuf_cottage,
          uniq_iyjb
D:4:      overflow_temple_1_default, first_bread, supply_closet_lemuel,
          kennysheep_another_room, kennysheep_generic_room_15, uniq_natasha
D:5:      nicolae_overflow_hidden_temple
D:6:      overflow_temple_1_default, lemuel_temple_firewalk_marked,
          serial_shops, shop_coins

Vanquished Creatures
  An ice beast
  A phantom
  3 ogres
  A centaur
  5 wights
  3 crimson imps
  A jelly Crazy Yiuf
  3 orc priests
  2 orc wizards Ijyb Natasha
  3 worker ants Robin
  7 adders
  2 shadow imps
  4 oozes
  2 adder skeletons
  4 worms
  4 giant geckos
  13 orcs
  2 ball pythons
  3 giant cockroaches
  13 goblins
  9 hobgoblins
  3 jackals
  13 kobolds
  3 quokkas
  12 bats
  A giant gecko skeleton
  7 giant newts
  A quokka skeleton
  9 rats
139 creatures vanquished.
